Map: Tours du crépuscule

Players

Worming

  • Race: Zerg Zerg

MrCrapouli - Winner!

  • Race: Protoss Protoss
  • League: Platinum

VOD

Have the link to the VOD?

Description

Time

  • Played on: Nov. 11, 2015, 8:10 a.m.
  • Length: 9:35
Show
View Real Time Build Order
Export as new Build Order

Worming Zerg 

Build Orders: Hatch First 

Get SALT Encoding   

  12  0:01  Drone  
  13  0:08  Drone  
  14  0:18  Overlord  
  14  0:25  Extractor  
  14  0:26  Drone  
  15  0:37  Drone x2  
  17  0:48  Drone  
  18  1:02  Hatchery  
  17  1:11  Spawning Pool  
  16  1:13  Drone  
  17  1:18  Extractor  
  16  1:42  Overlord  
  16  1:55  Drone  
  16  1:56  Drone  
  17  2:14  Drone x2  
  20  2:18  Queen  
  20  2:20  Zergling x2  
  23  2:23  Hatchery  
  22  2:38  Drone  
  23  2:49  Hatchery  
  22  3:08  Queen  
  22  3:09  Drone  
  22  3:10  Drone x2  
  27  3:16  Spine Crawler  
  26  3:20  Spine Crawler  
  25  3:31  Drone x2  
  25  3:32  Drone x2  
  29  3:47  Drone x2  
  31  3:50  Overlord  
  31  3:57  Drone  
  32  4:19  Drone x3  
  32  4:21  Drone x2  
  37  4:27  Spine Crawler  
  36  4:40  Drone x6  
  42  4:48  Queen  
  44  4:54  Roach Warren  
  44  4:55  Extractor x2  
  41  5:08  Drone  
  41  5:47  Queen  
  39  5:58  Queen x2  
  43  6:09  Spine Crawler x2  
  43  6:10  Zergling x18  
  43  6:11  Zergling x4  
  50  6:13  Overlord x3  
  50  6:15  Extractor  
  49  6:19  Extractor  
  49  6:23  Metabolic Boost  
  47  6:32  Queen  
  41  6:52  Roach x9  
  54  7:17  Queen  
  54  7:31  Drone  
  54  7:32  Drone x2  
  54  7:33  Drone x3  
  54  7:36  Lair  
  60  7:44  Drone x6  
  60  7:46  Overlord x4  
  60  7:50  Hatchery  
  65  7:53  Queen, Evolution Chamber  
  62  8:09  Zergling x2  
  62  8:10  Zergling x14  
  68  8:17  Drone x3  
  68  8:38  Roach x9  
  82  8:46  Roach x2  
  82  8:47  Roach x3  
  81  8:59  Overlord x4  
Show
View Real Time Build Order
Export as new Build Order

MrCrapouli Protoss - Winner!

Build Orders:  

Get SALT Encoding   

  12  0:01  Probe (Chrono Boost)  
  13  0:12  Probe (Chrono Boost)  
  14  0:17  Pylon  
  14  0:24  Probe (Chrono Boost)  
  15  0:36  Probe (Chrono Boost)  
  15  0:38  Forge  
  16  0:46  Probe (Chrono Boost)  
  18  0:57  Probe (Chrono Boost)  
  18  1:07  Probe (Chrono Boost)  
  19  1:16  Pylon x2  
  19  1:18  Pylon  
  19  1:34  Photon Cannon  
  19  1:38  Pylon  
  19  1:48  Pylon  
  19  1:50  Pylon  
  19  1:55  Pylon  
  19  1:58  Pylon  
  19  2:03  Photon Cannon  
  19  2:05  Photon Cannon  
  19  2:18  Pylon  
  19  2:31  Probe (Chrono Boost)  
  19  2:37  Gateway  
  20  2:40  Photon Cannon  
  20  2:43  Assimilator  
  20  2:44  Probe (Chrono Boost)  
  21  2:54  Probe (Chrono Boost)  
  22  3:09  Photon Cannon  
  22  3:10  Nexus  
  22  3:15  Assimilator  
  22  3:17  Probe (Chrono Boost)  
  23  3:31  Photon Cannon  
  23  3:36  Probe (Chrono Boost)  
  24  3:42  Cybernetics Core  
  24  3:43  Zealot  
  24  3:47  Probe (Chrono Boost)  
  27  3:58  Probe (Chrono Boost)  
  28  4:09  Probe (Chrono Boost)  
  29  4:25  Warp Gate  
  29  4:30  Probe x2 (Chrono Boost)  
  30  4:40  Probe (Chrono Boost)  
  30  4:44  Mothership Core (Chrono Boost)  
  33  4:48  Adept (Chrono Boost)  
  35  4:54  Probe  
  35  5:04  Probe  
  35  5:06  Probe  
  37  5:13  Adept (Chrono Boost)  
  39  5:14  Protoss Ground Weapons Level 1  
  39  5:16  Probe  
  39  5:18  Probe  
  39  5:19  Pylon  
  41  5:24  Gateway  
  41  5:26  Gateway  
  41  5:28  Probe  
  41  5:29  Gateway  
  41  5:31  Pylon  
  41  5:35  Probe  
  43  5:41  Probe, Adept (Chrono Boost)  
  46  5:47  Probe  
  45  5:59  Probe x2  
  45  6:03  Gateway  
  47  6:04  Gateway  
  47  6:08  Assimilator  
  47  6:13  Assimilator  
  47  6:49  Stalker  
  47  6:50  Stalker x3  
  55  6:56  Pylon x2  
  55  7:02  Gateway  
  55  7:03  Gateway  
  55  7:04  Probe x2  
  51  7:21  Stalker x3  
  51  7:22  Stalker x2  
  61  7:33  Photon Cannon  
  61  7:39  Photon Cannon  
  61  7:43  Stalker x2  
  65  7:44  Stalker  
  65  7:45  Stalker  
  65  7:49  Pylon  
  69  8:00  Nexus  
  69  8:03  Pylon  
  69  8:10  Pylon  
  69  8:12  Photon Cannon  
  69  8:17  Stalker x2  
  69  8:18  Stalker x2  
  77  8:23  Sentry x4  
  85  8:39  Pylon  
  85  8:45  Pylon  
  85  8:58  Stalker  
  85  8:59  Stalker x5  
  97  9:03  Probe  
  97  9:08  Probe  
  99  9:15  Probe  
  100  9:21  Sentry x4  
Tags
 
Add a new tag
Caveats
  • Supply blocks, unpowered buildings, or Contaminate may cause inaccurate times.
  • Supply counts are checked every 10 seconds.